 Dungeon Crawl Stone Soup version 0.31-a0-1227-g0136665373 (webtiles) character file.

Game seed: 8208199408137304614

219 LeprechaunX the Changeling (level 5, -8/35 HPs)
             Began as an Octopode Shapeshifter on Dec 14, 2023.
             Killed by divine providence
             ... invoked by an orc priest
              (14 damage)
             ... on level 4 of the Dungeon.
             The game lasted 00:03:11 (2757 turns).

LeprechaunX the Changeling (Octopode Shapeshifter)  Turns: 2757, Time: 00:03:12

Health: -8/35      AC:  1    Str: 13    XL:     5   Next: 96%
Magic:  5/5        EV: 18    Int: 13    God:
Gold:   206        SH:  0    Dex: 13    Spells: 4/4 levels left

rFire   + .          .
                       - Unarmed
rCold   x . .        (no shield)
rNeg    . . .        (helmet currently unavailable)
rPois   .            (no amulet)
rElec   .            m - +5 ring of evasion
rCorr   .            t - ring of flight
SInv    .            k - ring of fire
Will    .....        (no ring)
Stlth   ++           (no ring)
HPRegen 0.25/turn    (no ring)
MPRegen 0.09/turn    (no ring)
                     (no ring)

%: no passive effects
@: beast-form, flying
A: beast (slay +2), almost no armour, amphibious, 8 rings, camouflage 1,
gelatinous body 1, (nimble swimmer 1), tentacles
a: Begin Untransformation


You were on level 4 of the Dungeon.
You were a hulking beast.
You visited 1 branch of the dungeon, and saw 4 of its levels.

You collected 206 gold pieces.

Inventory:

Hand Weapons
 a - a +0 heavy sling
Missiles
 q - 3 boomerangs
Jewellery
 k - a ring of fire (on tentacle)
 m - a +5 ring of evasion (left tentacle)
 t - a ring of flight (right tentacle)
Talismans
 b - a beast talisman
 c - a flux talisman
 n - a blade talisman
Wands
 o - a wand of flame (30)
Scrolls
 d - 2 scrolls of enchant weapon {unknown}
 h - a scroll of teleportation {unknown}
 i - a scroll of revelation {unknown}
 j - a scroll of blinking {unknown}
 l - a scroll of identify {unknown}
 p - a scroll of torment {unknown}
 s - a scroll of poison {unknown}
 v - a scroll of brand weapon {unknown}
 x - a scroll of amnesia {unknown}
Potions
 e - a potion of might {unknown}
 f - 2 potions of curing {unknown}
 g - a potion of lignification
 r - a potion of heal wounds {unknown}
 u - a potion of resistance {unknown}
 w - a potion of degeneration {unknown}


   Skills:
 + Level 2.4 Fighting
 + Level 1.2 Throwing
 + Level 3.0 Dodging
 + Level 3.7 Unarmed Combat
 + Level 1.3 Evocations
 * Level 4.2 Shapeshifting


You had 4 spell levels left.
You didn't know any spells.
Your spell library contained the following spells:

 Spells                   Type           Power      Damage    Failure   Level
 Scorch                   Fire           0%         2d5       43%         2
 Flame Wave               Conj/Fire      0%         2d4       97%         4
 Summon Cactus Giant      Summ           0%         N/A       100%        6


Dungeon Overview and Level Annotations

Branches:
Dungeon (4/15)
 Temple: D:4-7

Altars:
Kikubaaqudgha
Nemelex Xobeh

Annotations:
D:4 1 runed translucent door


Innate Abilities, Weirdness & Mutations

You are a hulking beast.
Your limbs bulge with bestial killing power. (Slay +2)
You cannot wear most types of armour.
You are amphibious.
You can wear up to eight rings at the same time.
Your skin changes colour to match your surroundings (Stealth+).
Your rubbery body absorbs attacks. (AC +1, EV +1)
((You are camouflaged when in or above water. (Stealth+)))
You have tentacles for arms and can constrict up to eight enemies at once.


Message History

A kobold is nearby!
An orc comes into view. It is wielding a +0 flail.
An orc comes into view. It is wielding a +0 club.
An orc priest and a kobold come into view.
The orc priest moves out of view.
An orc priest comes into view. It is wielding a +1 mace of protection.
Found a club, a helmet and 13 gold pieces.
The orc shouts!
The kobold shouts!
The orc shouts!
The kobold shouts!
You hear a bark!
The kobold throws a stone.
The stone hits you.
A jackal comes into view.
Found a runed translucent gate.
The orc priest shouts!
The jackal barks!
The orc barely misses you. The kobold barely misses you.
You bludgeon the kobold!
You kill the kobold!
The kobold hits you with a +0 dagger.
You closely miss the orc. You grab the orc. You squeeze the orc.
The orc is heavily wounded.
You constrict the orc.
A jackal comes into view.
The orc priest mumbles some strange prayers to Beogh against you.
Beogh smites you! The kobold completely misses you.
The orc barely misses you. x2
You release your grip on the orc.
The kobold attacks as it pursues you! The kobold hits you with a +0 dagger.
The orc hits you with the +4 flail of Duckoibbe {elec, Dex+2}!
* * * LOW HITPOINT WARNING * * *
The orc throws a boomerang.
The boomerang hits you.
* * * LOW HITPOINT WARNING * * *
You barely miss the orc. You grab the orc. You constrict the orc.
The orc completely misses you.
You tentacle-slap the orc. You squeeze the orc.
You kill the orc!
The orc priest casts a cantrip, but nothing happens.
You tentacle-slap the kobold.
You kill the kobold!
A jackal comes into view.
The orc priest mumbles some strange prayers to Beogh against you.
Beogh smites you!
You die...

.# #.# .######
#.# ......# #.#
.###### #.# .#
##.## .# #...#
## #...# #...#
##h##
#.#####o#####
#....)oo....#
#..[.).ho....#
#..............#
h...h..........#
###............#
K##...........#
.#K#..........$#


You could see 2 orc priests, 2 orcs and 2 jackals.

Vanquished Creatures
  A phantom (D:4)
  An orc priest (D:3)
  Terence (D:2)
  An adder (D:3)
  2 worms (D:3)
  2 dart slugs
  5 orcs
  8 endoplasms
  2 giant cockroaches (D:1)
  5 hobgoblins
  4 jackals (D:1)
  4 kobolds
  A quokka (D:3)
  7 ball pythons
  8 bats
  2 frilled lizards
  6 goblins
  2 rats (D:1)
62 creatures vanquished.

Notes
Turn   | Place    | Note
-------+----------+-------------------------------------------
     0 | D:1      | LeprechaunX the Octopode Shapeshifter began the quest for
                  | the Orb.
     0 | D:1      | Reached XP level 1. HP: 13/13 MP: 1/1
   253 | D:1      | Reached XP level 2. HP: 17/18 MP: 2/2
   571 | D:1      | Reached XP level 3. HP: 23/23 MP: 3/3
   702 | D:1      | Found a faded altar of an unknown god.
  1468 | D:2      | Found the +0 pair of fencer's gloves {Riposte Dex+3}
  1490 | D:2      | Identified the +6 dagger "Owymor" {drain, rPois rN+ Will-
                  | SInv}
  1638 | D:2      | Noticed Terence
  1647 | D:2      | Killed Terence
  1648 | D:2      | Reached XP level 4. HP: 29/29 MP: 4/4
  2094 | D:3      | Found a sparkling altar of Nemelex Xobeh.
  2188 | D:3      | Reached XP level 5. HP: 27/34 MP: 5/5
  2252 | D:3      | Reached skill level 4 in Shapeshifting
  2402 | D:3      | Found an ancient bone altar of Kikubaaqudgha.
  2619 | D:4      | Noticed a phantom
  2629 | D:4      | Killed a phantom
  2630 | D:4      | Reached skill level 1 in Throwing
  2630 | D:4      | Reached skill level 1 in Evocations
  2745 | D:4      | Identified the +4 flail of Duckoibbe {elec, Dex+2}
  2750 | D:4      | Found a runed translucent gate.
  2757 | D:4      | Killed from afar by an orc priest

Illustrated notes

Levels and vault maps discovered:
D:1:      psy_arrival_wood_between_worlds, layout_loops_corners,
          shapermc_ecumenical_altar_flowoftime, minmay_tripent
D:2:      layout_loops_cross, uniq_terence
D:3:      layout_basic, lemuel_crystal_altar,
          nicolae_kikubaaqudgha_miasma_corner, dk_noncrumbling_4
D:4:      layout_rooms, nicolae_overflow_quartered_altars,
          gammafunk_ghost_nasty_kobolds

Skill      XL: |  1  2  3  4  5 |
---------------+----------------+-----
Fighting       | 2 |  2.4
Shapeshifting  | 4 |  4.2
Throwing       | 1 |  1.2
Dodging        | 3 |  3.0
Evocations     | 1 |  1.3
Unarmed Combat | |  3.7

Action                     |  1- 3 |  4- 6 || total
---------------------------+-------+-------++-------
  Melee: Unarmed           |    68 |    55 ||   123
         Constrict         |    19 |    13 ||    32
         Tentacles         |    10 |    14 ||    24
         Punch             |     2 |     1 ||     3
   Fire: Sling             |       |     3 ||     3
   Stab: Sleeping          |    11 |       ||    11
 Armour: Skin              |    16 |    13 ||    29
  Dodge: Dodged            |    45 |    34 ||    79

Table legend: (Time is in decaauts)
 A = Elapsed time spent in this place.
 B = Non-inter-level travel time spent in this place.
 C = Inter-level travel time spent in this place.
 D = Time resting spent in this place.
 E = Time spent auto-exploring this place.
 F = Levels seen in this place.
 G = Mean time per level.
                   A        B        C        D        E       F      G
               +--------+--------+--------+--------+--------+-----+--------+
         Total |   2749 |   2638 |    111 |      0 |   2238 |   4 |  687.2 |
       Dungeon |   2749 |   2638 |    111 |      0 |   2238 |   4 |  687.2 |
               +--------+--------+--------+--------+--------+-----+--------+

Top non-repeatable levels by time:
     D:1: 1181 daAuts
     D:2: 746 daAuts
     D:3: 655 daAuts
     D:4: 165 daAuts
